Workbook

Sheet Group
A1: Management accounts: group
A2: Enter each company's figures on its own tab and intercompany items on Eliminations. This tab calculates.
A4: Line (year to date) | B4: Company A | C4: Company B | D4: Company C | E4: Eliminations | F4: Group
A5: Revenue | B5: ='Company A'!C5 -> 520000 | C5: ='Company B'!C5 -> 310000 | D5: ='Company C'!C5 -> 180000 | E5: =-Eliminations!C5 -> -36000 | F5: =SUM(B5:E5) -> 974000
A6: Cost of sales | B6: ='Company A'!C6 -> 300000 | C6: ='Company B'!C6 -> 190000 | D6: ='Company C'!C6 -> 95000 | E6: =-Eliminations!C6 -> -36000 | F6: =SUM(B6:E6) -> 549000
A7: Gross profit | B7: =B5-B6 -> 220000 | C7: =C5-C6 -> 120000 | D7: =D5-D6 -> 85000 | E7: =E5-E6 -> 0 | F7: =F5-F6 -> 425000
A8: Overheads | B8: ='Company A'!C8 -> 150000 | C8: ='Company B'!C8 -> 85000 | D8: ='Company C'!C8 -> 60000 | E8: =-Eliminations!C8 -> 0 | F8: =SUM(B8:E8) -> 295000
A9: Operating profit | B9: =B7-B8 -> 70000 | C9: =C7-C8 -> 35000 | D9: =D7-D8 -> 25000 | E9: =E7-E8 -> 0 | F9: =F7-F8 -> 130000
A11: Fixed assets | B11: ='Company A'!C11 -> 210000 | C11: ='Company B'!C11 -> 60000 | D11: ='Company C'!C11 -> 30000 | E11: =-Eliminations!C11 -> 0 | F11: =SUM(B11:E11) -> 300000
A12: Debtors | B12: ='Company A'!C12 -> 160000 | C12: ='Company B'!C12 -> 90000 | D12: ='Company C'!C12 -> 40000 | E12: =-Eliminations!C12 -> 0 | F12: =SUM(B12:E12) -> 290000
A13: Intercompany receivable | B13: ='Company A'!C13 -> 80000 | C13: ='Company B'!C13 -> 0 | D13: ='Company C'!C13 -> 0 | E13: =-Eliminations!C13 -> -80000 | F13: =SUM(B13:E13) -> 0
A14: Cash | B14: ='Company A'!C14 -> 140000 | C14: ='Company B'!C14 -> 55000 | D14: ='Company C'!C14 -> 35000 | E14: =-Eliminations!C14 -> 0 | F14: =SUM(B14:E14) -> 230000
A15: Total assets | B15: =SUM(B11:B14) -> 590000 | C15: =SUM(C11:C14) -> 205000 | D15: =SUM(D11:D14) -> 105000 | E15: =SUM(E11:E14) -> -80000 | F15: =SUM(F11:F14) -> 820000
A16: Creditors | B16: ='Company A'!C16 -> 120000 | C16: ='Company B'!C16 -> 70000 | D16: ='Company C'!C16 -> 25000 | E16: =-Eliminations!C16 -> 0 | F16: =SUM(B16:E16) -> 215000
A17: Intercompany payable | B17: ='Company A'!C17 -> 0 | C17: ='Company B'!C17 -> 80000 | D17: ='Company C'!C17 -> 0 | E17: =-Eliminations!C17 -> -80000 | F17: =SUM(B17:E17) -> 0
A18: Borrowings | B18: ='Company A'!C18 -> 100000 | C18: ='Company B'!C18 -> 0 | D18: ='Company C'!C18 -> 0 | E18: =-Eliminations!C18 -> 0 | F18: =SUM(B18:E18) -> 100000
A19: Net assets | B19: =B15-SUM(B16:B18) -> 370000 | C19: =C15-SUM(C16:C18) -> 55000 | D19: =D15-SUM(D16:D18) -> 80000 | E19: =E15-SUM(E16:E18) -> 0 | F19: =F15-SUM(F16:F18) -> 505000
A21: Check: intercompany receivable less payable (should be 0) | F21: =F13-F17 -> 0
A22: If the check isn't zero, reconcile intercompany balances first: consohq.com/learn/intercompany-reconciliation/

Sheet Company A
A1: Company A
A2: Paste figures from this company's trial balance. Enter positive numbers.
A4: Line | B4: This month | C4: Year to date
A5: Revenue | B5: 57778 | C5: 520000
A6: Cost of sales | B6: 33333 | C6: 300000
A7: Gross profit | B7: =B5-B6 -> 24445 | C7: =C5-C6 -> 220000
A8: Overheads | B8: 16667 | C8: 150000
A9: Operating profit | B9: =B7-B8 -> 7778 | C9: =C7-C8 -> 70000
A11: Fixed assets | B11: 23333 | C11: 210000
A12: Debtors | B12: 17778 | C12: 160000
A13: Intercompany receivable | B13: 8889 | C13: 80000
A14: Cash | B14: 15556 | C14: 140000
A15: Total assets | B15: =SUM(B11:B14) -> 65556 | C15: =SUM(C11:C14) -> 590000
A16: Creditors | B16: 13333 | C16: 120000
A17: Intercompany payable | B17: 0 | C17: 0
A18: Borrowings | B18: 11111 | C18: 100000
A19: Net assets | B19: =B15-SUM(B16:B18) -> 41112 | C19: =C15-SUM(C16:C18) -> 370000

Sheet Company B
A1: Company B
A2: Paste figures from this company's trial balance. Enter positive numbers.
A4: Line | B4: This month | C4: Year to date
A5: Revenue | B5: 34444 | C5: 310000
A6: Cost of sales | B6: 21111 | C6: 190000
A7: Gross profit | B7: =B5-B6 -> 13333 | C7: =C5-C6 -> 120000
A8: Overheads | B8: 9444 | C8: 85000
A9: Operating profit | B9: =B7-B8 -> 3889 | C9: =C7-C8 -> 35000
A11: Fixed assets | B11: 6667 | C11: 60000
A12: Debtors | B12: 10000 | C12: 90000
A13: Intercompany receivable | B13: 0 | C13: 0
A14: Cash | B14: 6111 | C14: 55000
A15: Total assets | B15: =SUM(B11:B14) -> 22778 | C15: =SUM(C11:C14) -> 205000
A16: Creditors | B16: 7778 | C16: 70000
A17: Intercompany payable | B17: 8889 | C17: 80000
A18: Borrowings | B18: 0 | C18: 0
A19: Net assets | B19: =B15-SUM(B16:B18) -> 6111 | C19: =C15-SUM(C16:C18) -> 55000

Sheet Company C
A1: Company C
A2: Paste figures from this company's trial balance. Enter positive numbers.
A4: Line | B4: This month | C4: Year to date
A5: Revenue | B5: 20000 | C5: 180000
A6: Cost of sales | B6: 10556 | C6: 95000
A7: Gross profit | B7: =B5-B6 -> 9444 | C7: =C5-C6 -> 85000
A8: Overheads | B8: 6667 | C8: 60000
A9: Operating profit | B9: =B7-B8 -> 2777 | C9: =C7-C8 -> 25000
A11: Fixed assets | B11: 3333 | C11: 30000
A12: Debtors | B12: 4444 | C12: 40000
A13: Intercompany receivable | B13: 0 | C13: 0
A14: Cash | B14: 3889 | C14: 35000
A15: Total assets | B15: =SUM(B11:B14) -> 11666 | C15: =SUM(C11:C14) -> 105000
A16: Creditors | B16: 2778 | C16: 25000
A17: Intercompany payable | B17: 0 | C17: 0
A18: Borrowings | B18: 0 | C18: 0
A19: Net assets | B19: =B15-SUM(B16:B18) -> 8888 | C19: =C15-SUM(C16:C18) -> 80000

Sheet Eliminations
A1: Eliminations
A2: Enter intercompany amounts to remove on consolidation (positive numbers).
A4: Line | B4: This month | C4: Year to date
A5: Revenue | B5: 4000 | C5: 36000
A6: Cost of sales | B6: 4000 | C6: 36000
A7: Gross profit
A8: Overheads
A9: Operating profit
A11: Fixed assets
A12: Debtors
A13: Intercompany receivable | B13: 80000 | C13: 80000
A14: Cash
A15: Total assets
A16: Creditors
A17: Intercompany payable | B17: 80000 | C17: 80000
A18: Borrowings
A19: Net assets
